[Event "Titled Tuesday Blitz May 30 Late 2023"]
[White "Sztokbant, Bernardo Vainzoff"]
[Black "Cardozo Munar, Carlos Eduardo"]
[WhiteFideId "2115956"]
[BlackFideId "4409477"]
[WhiteElo "2222"]
[BlackElo "2067"]
[Result "1-0"]
[Round "02"]
[TimeControl "180+2"]
[Date "2023.05.31"]
[WhiteClock "0:02:15"]
[BlackClock "0:01:51"]

1. e4 e6 2. d4 d5 3. Nd2 c5 4. exd5 Qxd5 5. Ngf3 cxd4 6. Bc4 Qd7 7. O-O Nc6 8. Nb3 Nf6 9. Nbxd4 Nxd4 10. Nxd4 a6 11. c3 Bd6 12. Qf3 Bxh2+ 13. Kxh2 Qc7+ 14. Qg3 Qxc4 15. Qxg7 Qxf1 16. Qxf6 Rg8 17. Bg5 Rxg5 18. Rxf1 Rg8 19. Re1 Bd7 20. Nf5 1-0


[Site "https://www.chess.com"]

[Event "Titled Tuesday Blitz May 30 Late 2023"]
[White "Botez, Alexandra"]
[Black "Arencibia Monduy, Antonio"]
[WhiteFideId "2603365"]
[BlackFideId "3507939"]
[WhiteElo "2040"]
[BlackElo "2456"]
[Result "1/2-1/2"]
[Round "02"]
[TimeControl "180+2"]
[Date "2023.05.31"]
[WhiteClock "0:00:12"]
[BlackClock "0:00:04"]

1. d4 Nf6 2. c4 e6 3. Nf3 b6 4. Nc3 Bb7 5. Bg5 Be7 6. e3 Ne4 7. Bxe7 Qxe7 8. Bd3 Nxc3 9. bxc3 O-O 10. O-O d6 11. Nd2 e5 12. e4 Nd7 13. f4 exf4 14. Rxf4 f5 15. Qe2 fxe4 16. Rxf8+ Rxf8 17. Bxe4 Nf6 18. Re1 Nxe4 19. Nxe4 Qh4 20. d5 Bc8 21. Ng3 h6 22. Qe4 Qxe4 23. Rxe4 Ba6 24. Ne2 Kf7 25. Nd4 Re8 26. Ne6 Re7 27. Rf4+ Kg6 28. g4 Kh7 29. Nf8+ Kg8 30. Ne6 Rf7 31. Re4 Bc8 32. Nd8 Rf8 33. Nc6 Bd7 34. Nxa7 Ra8 35. Nb5 Bxb5 36. cxb5 Rxa2 37. Re7 Ra5 38. c4 Ra7 39. Kf2 Kh7 40. Ke3 Kg6 41. h4 Kf6 42. Re6+ Kf7 43. Kd4 Ra3 44. Re4 Rh3 45. Rf4+ Ke7 46. h5 Rg3 47. Ke4 Rc3 48. Kf5 Kf7 49. Ke4+ Ke7 50. Kf5 Kf7 51. Ke4+ Ke7 1/2-1/2


[Site "https://www.chess.com"]

[Event "Titled Tuesday Blitz May 30 Late 2023"]
[White "Perez Rodriguez, Jennifer"]
[Black "Magallanes, Rey Jomar"]
[WhiteFideId "3507831"]
[BlackFideId "5205948"]
[WhiteElo "2116"]
[BlackElo "2230"]
[Result "0-1"]
[Round "02"]
[TimeControl "180+2"]
[Date "2023.05.31"]
[WhiteClock "0:00:09"]
[BlackClock "0:00:15"]

1. e4 c5 2. c3 d5 3. exd5 Qxd5 4. d4 Nc6 5. Nf3 Nf6 6. Na3 Bg4 7. Nb5 Rc8 8. Bf4 Qe4+ 9. Be3 e6 10. Bd3 Bxf3 11. gxf3 Qd5 12. dxc5 Bxc5 13. c4 Bb4+ 14. Ke2 Qe5 15. Qb3 Bc5 16. Qc3 Qxc3 17. Nxc3 Nd4+ 18. Bxd4 Bxd4 19. Rac1 O-O 20. Rhd1 Rfd8 21. b4 Nh5 22. Be4 Nf4+ 23. Ke1 Rxc4 24. Nb5 Rxc1 25. Rxc1 f5 26. Nxd4 fxe4 27. Rc4 Nd3+ 28. Ke2 Ne5 29. Nxe6 exf3+ 30. Ke1 Re8 31. Nc7 Re7 32. Rc3 Nc4+ 33. Kd1 Rxc7 34. Kc2 Na3+ 35. Kb3 Rxc3+ 36. Kxc3 Nb5+ 37. Kc4 a6 38. Kc5 Kf7 39. Kb6 Nd6 40. Kc7 Ke6 41. a4 Ne4 0-1


[Site "https://www.chess.com"]

[Event "Titled Tuesday Blitz May 30 Late 2023"]
[White "Buchenau, Frank"]
[Black "mohsengabr2002"]
[WhiteFideId "4604350"]
[WhiteElo "2157"]
[BlackElo "2230"]
[Result "1-0"]
[Round "02"]
[TimeControl "180+2"]
[Date "2023.05.31"]
[WhiteClock "0:00:09"]
[BlackClock "0:00:48"]

1. e4 f6 2. d4 g6 3. f4 e6 4. Nf3 Nh6 5. c4 f5 6. Nc3 Bg7 7. Be2 O-O 8. O-O d6 9. h3 Nf7 10. Be3 c6 11. Qd2 Nd7 12. Rad1 Nf6 13. Qc2 d5 14. e5 Ne4 15. Nxe4 fxe4 16. Ng5 Nxg5 17. fxg5 Bd7 18. c5 b6 19. b4 a5 20. a3 axb4 21. axb4 bxc5 22. Rxf8+ Bxf8 23. bxc5 Be7 24. h4 Ra3 25. Bf2 Qa8 26. Rb1 Bc8 27. Qb2 Ra2 28. Qb8 Qxb8 29. Rxb8 Rxe2 30. Rxc8+ Kf7 31. Kf1 Ra2 32. Rxc6 Ra1+ 33. Ke2 Ra2+ 34. Kf1 Ra1+ 35. Be1 Rd1 36. Rb6 Rxd4 37. c6 Rc4 38. Rb7 d4 39. c7 e3 40. Ke2 Rc1 41. Bb4 Ke8 42. Bxe7 Rc2+ 43. Kd3 Rd2+ 44. Ke4 Kd7 45. Bb4 Rc2 46. Ba5 e2 47. Kxd4 Rc1 48. Rb8 Rxc7 49. Rb1 Ra7 50. Bd2 Ra4+ 51. Ke3 Rxh4 52. Kxe2 Re4+ 53. Kf3 Rxe5 54. Rb7+ Kc6 55. Rxh7 Rd5 56. Be3 Rd6 57. Rg7 e5 58. Ke4 Re6 59. Rf7 Kb5 60. Rf6 Re8 61. Rxg6 Kc4 62. Rc6+ Kb5 63. Rc5+ Kb4 64. Rxe5 Rc8 65. g6 Kc4 66. Rc5+ Rxc5 67. Bxc5 Kxc5 68. g7 1-0


[Site "https://www.chess.com"]

[Event "Titled Tuesday Blitz May 30 Late 2023"]
[White "Osmonbekov, Talaibek"]
[Black "Le Goff, Ronan"]
[WhiteFideId "2017253"]
[BlackFideId "612073"]
[WhiteElo "2135"]
[BlackElo "2275"]
[Result "0-1"]
[Round "02"]
[TimeControl "180+2"]
[Date "2023.05.31"]
[WhiteClock "0:00:02"]
[BlackClock "0:00:55"]

1. d4 Nf6 2. Bf4 e6 3. Nc3 b6 4. e3 Bb7 5. Nf3 Be7 6. Be2 O-O 7. h3 d6 8. O-O Nbd7 9. a4 a6 10. Bh2 Re8 11. Qb1 Bf8 12. Qa2 g6 13. b4 Bg7 14. Qb3 e5 15. Ng5 Qe7 16. dxe5 Nxe5 17. Rad1 h6 18. Bxe5 dxe5 19. Nf3 g5 20. Nh2 e4 21. Ng4 Nxg4 22. Bxg4 Qe5 23. Ne2 Rad8 24. Bh5 Bd5 25. c4 Be6 26. Nd4 Bd7 27. c5 Rf8 28. c6 Bc8 29. Rd2 Rd6 30. Rfd1 Rf6 31. Ne2 Rxc6 32. Bxf7+ Kh7 33. Rd8 Bf5 34. Bg8+ Kh8 35. Rxf8 Bxf8 36. Bd5 Rd6 37. Bc4 Rxd1+ 38. Qxd1 Bd6 39. Ng3 Bg6 40. Bxa6 h5 41. Qd4 Qxd4 42. exd4 Bxb4 43. Bb7 e3 44. fxe3 h4 45. Ne4 Be7 46. Kf2 Kg7 47. Bc6 Kf7 48. Kf3 Bh5+ 49. g4 Bg6 50. Bd5+ Ke8 0-1


[Site "https://www.chess.com"]

[Event "Titled Tuesday Blitz May 30 Late 2023"]
[White "Petrovic, Aleksa"]
[Black "Clawitter, Craig"]
[WhiteFideId "967629"]
[BlackFideId "2023105"]
[WhiteElo "2309"]
[BlackElo "2208"]
[Result "0-1"]
[Round "02"]
[TimeControl "180+2"]
[Date "2023.05.31"]
[WhiteClock "0:00:04"]
[BlackClock "0:00:04"]

1. e4 e6 2. d4 d5 3. Nd2 Be7 4. e5 c5 5. c3 cxd4 6. cxd4 Nh6 7. Ngf3 Nf5 8. Bd3 Nc6 9. Bxf5 exf5 10. O-O O-O 11. Re1 f4 12. Nb1 g5 13. Nc3 Be6 14. b3 Kh8 15. Bb2 Rc8 16. Rc1 Bf5 17. a3 a5 18. Na4 Rg8 19. Nc5 b6 20. Nb7 Qf8 21. Nd6 Bxd6 22. exd6 Qxd6 23. Ne5 Nxe5 24. dxe5 Qe6 25. Rxc8 Rxc8 26. Qh5 Rc2 27. Bd4 h6 28. Qd1 Kh7 29. h4 gxh4 30. Qf3 Be4 31. Qxf4 Qg6 32. Qh2 Qg5 33. e6 Rc1 34. Bc3 Rxe1+ 35. Bxe1 Qc1 36. Qf4 Qxf4 37. e7 Qe5 0-1


[Site "https://www.chess.com"]

[Event "Titled Tuesday Blitz May 30 Late 2023"]
[White "Kornyukov, Alexey"]
[Black "Gurevich, Dmitry"]
[WhiteFideId "4150457"]
[BlackFideId "2000407"]
[WhiteElo "2352"]
[BlackElo "2506"]
[Result "1/2-1/2"]
[Round "02"]
[TimeControl "180+2"]
[Date "2023.05.31"]
[WhiteClock "0:00:07"]
[BlackClock "0:00:40"]

1. d4 Nf6 2. c4 a6 3. a4 e6 4. Nc3 d5 5. Nf3 c5 6. e3 Nc6 7. cxd5 exd5 8. Be2 Be7 9. O-O O-O 10. b3 Ne4 11. Bb2 Bf6 12. Rc1 cxd4 13. Nxe4 dxe4 14. Nxd4 Nxd4 15. Bxd4 Bxd4 16. exd4 Be6 17. Bc4 Bd5 18. Bxd5 Qxd5 19. Rc5 Qd6 20. Re1 f5 21. Qh5 Qxd4 22. Rxf5 Rxf5 23. Qxf5 Rf8 24. Qe6+ Kh8 25. Rf1 h6 26. h3 Rf6 27. Qc8+ Kh7 28. Qxb7 e3 29. Qc7 exf2+ 30. Kh2 Qd3 31. Qc4 Qd6+ 32. g3 Qe5 33. Qc2+ Kg8 34. Rxf2 Rxf2+ 35. Qxf2 Qc3 36. Qb6 a5 37. Qb5 Qd2+ 38. Kg1 Qe1+ 39. Kg2 Qd2+ 40. Kf3 Qd1+ 41. Kf4 Qd2+ 42. Kf3 Qd1+ 43. Kf4 Qd2+ 44. Kf3 1/2-1/2


[Site "https://www.chess.com"]

[Event "Titled Tuesday Blitz May 30 Late 2023"]
[White "Elaisaz"]
[Black "reevecanada"]
[WhiteElo "2188"]
[BlackElo "2443"]
[Result "0-1"]
[Round "02"]
[TimeControl "180+2"]
[Date "2023.05.31"]
[WhiteClock "0:00:01"]
[BlackClock "0:01:17"]

1. Nf3 d5 2. c4 dxc4 3. Na3 Nf6 4. Nxc4 e6 5. g3 Be7 6. Bg2 O-O 7. O-O c6 8. d3 Nbd7 9. Bf4 Nb6 10. Nce5 Nfd5 11. Bd2 Bf6 12. e4 Ne7 13. Bc3 Ng6 14. h4 Nd7 15. Ng4 Bxc3 16. bxc3 Nf6 17. Ne3 e5 18. Nf5 Re8 19. Ng5 h6 20. h5 hxg5 21. hxg6 fxg6 22. Ne3 Be6 23. d4 Qa5 24. Qc2 Rad8 25. dxe5 Qxe5 26. f4 gxf4 27. gxf4 Qc5 28. Qf2 Qxc3 29. Rac1 Qa3 30. Rb1 Re7 31. f5 gxf5 32. Nxf5 Bxf5 33. Qxf5 Qxa2 34. e5 Nd5 35. e6 Qxg2+ 36. Kxg2 Ne3+ 37. Kg3 Nxf5+ 38. Rxf5 Rd6 39. Rbf1 Rdxe6 40. Rf8+ Kh7 0-1


[Site "https://www.chess.com"]

[Event "Titled Tuesday Blitz May 30 Late 2023"]
[White "Shapiro, Viktor"]
[Black "Brown, Raehanna"]
[WhiteFideId "4175700"]
[BlackFideId "7402740"]
[WhiteElo "2152"]
[BlackElo "1655"]
[Result "1-0"]
[Round "02"]
[TimeControl "180+2"]
[Date "2023.05.31"]
[WhiteClock "0:01:36"]
[BlackClock "0:00:52"]

1. c4 Nf6 2. Nc3 g6 3. d4 Bg7 4. Nf3 O-O 5. Bg5 d6 6. e3 c5 7. h3 Nbd7 8. Be2 a6 9. O-O b5 10. cxb5 axb5 11. Bxb5 Qa5 12. a4 Ba6 13. Qe2 Rfb8 14. Ra3 Qb4 15. Bxa6 Qxb2 16. Qxb2 Rxb2 17. Bb5 Nb6 18. Raa1 cxd4 19. Nxd4 Nfd5 20. Nxd5 Nxd5 21. Rac1 Nb6 22. Bxe7 Nxa4 23. Bxa4 Bxd4 24. exd4 Rxa4 25. Bxd6 Kg7 26. Be5+ Kh6 27. Rc7 f5 28. Re1 Raa2 29. Bf4+ g5 30. Re6+ Kh5 31. Rxh7# 1-0


[Site "https://www.chess.com"]

[Event "Titled Tuesday Blitz May 30 Late 2023"]
[White "Gardezi, Arsal"]
[Black "Mackster23"]
[WhiteFideId "30949521"]
[WhiteElo "1906"]
[BlackElo "2441"]
[Result "0-1"]
[Round "02"]
[TimeControl "180+2"]
[Date "2023.05.31"]
[WhiteClock "0:01:08"]
[BlackClock "0:00:37"]

1. e4 c5 2. Nf3 d6 3. Nc3 Nf6 4. Bc4 e6 5. d3 a6 6. a4 Nc6 7. O-O Be7 8. h3 O-O 9. Be3 d5 10. exd5 exd5 11. Nxd5 Nxd5 12. Bd2 Bf6 13. c3 Be6 14. Re1 Nc7 15. Bxe6 Nxe6 16. Be3 Qd6 17. Qb3 Rab8 18. Nd2 Qxd3 19. Rad1 Qf5 20. Nc4 Rfd8 21. Nd6 Qg6 22. Qb6 Ne5 23. Rd5 Nf3+ 24. Kf1 Nxe1 25. Kxe1 Qxg2 26. c4 Qg1+ 27. Ke2 Qb1 28. Rd2 Bd4 29. Nxb7 Rd7 30. Bxd4 Nxd4+ 31. Rxd4 cxd4 32. c5 Rdxb7 33. c6 0-1


[Site "https://www.chess.com"]

[Event "Titled Tuesday Blitz May 30 Late 2023"]
[White "Mazurkiewicz, Michal"]
[Black "zano2023"]
[WhiteFideId "1124943"]
[WhiteElo "2054"]
[BlackElo "2174"]
[Result "0-1"]
[Round "02"]
[TimeControl "180+2"]
[Date "2023.05.31"]
[WhiteClock "0:00:12"]
[BlackClock "0:00:45"]

1. e4 e5 2. Nf3 d6 3. d4 f5 4. exf5 e4 5. Qe2 Bxf5 6. Nfd2 Nf6 7. f3 d5 8. c4 c6 9. Nc3 Bb4 10. cxd5 cxd5 11. fxe4 Nxe4 12. Ndxe4 Bxe4 13. Bd2 Bxc3 14. bxc3 O-O 15. Qg4 Qf6 16. Be3 Nc6 17. Be2 Rae8 18. Kd2 Bf5 19. Qf3 Qe6 20. Rhe1 Be4 21. Qg3 Na5 22. Qc7 Nc6 23. Bd3 Re7 24. Qg3 Na5 25. Bg5 Ref7 26. Bxe4 dxe4 27. Re2 Nc4+ 28. Kc2 Na3+ 29. Kd2 Qb6 30. Ke3 Nc4+ 31. Kxe4 Qg6+ 32. Kd5 Qc6# 0-1


[Site "https://www.chess.com"]

[Event "Titled Tuesday Blitz May 30 Late 2023"]
[White "ritanovikova"]
[Black "Wizard_of_Odds"]
[WhiteElo "2169"]
[BlackElo "2440"]
[Result "1/2-1/2"]
[Round "02"]
[TimeControl "180+2"]
[Date "2023.05.31"]
[WhiteClock "0:00:06"]
[BlackClock "0:00:03"]

1. e4 c5 2. Nc3 Nc6 3. d3 e6 4. Be3 d5 5. exd5 exd5 6. d4 cxd4 7. Bxd4 Be6 8. Bb5 Ne7 9. Nf3 a6 10. Ba4 b5 11. Bb3 Qd6 12. O-O Nxd4 13. Nxd4 b4 14. Nxe6 fxe6 15. Ne2 Ng6 16. Nd4 Kf7 17. Qf3+ Qf4 18. Nxe6 Qxf3 19. Ng5+ Kf6 20. Nxf3 Rd8 21. Rad1 Nf4 22. Rfe1 Bc5 23. g3 Nh3+ 24. Kg2 Nxf2 25. Rxd5 Rxd5 26. Bxd5 Ng4 27. Bb3 Ne3+ 28. Kh3 Rd8 29. c3 g5 30. g4 h5 31. Nd4 Bxd4 32. cxd4 hxg4+ 33. Kg3 Nf5+ 34. Kg2 Rxd4 35. Re2 a5 36. Rf2 Ke5 37. Re2+ Re4 38. Rf2 Nh4+ 39. Kf1 Rf4 40. Bd1 Rxf2+ 41. Kxf2 Kf4 42. Be2 Nf3 43. h3 Nd4 44. Bxg4 Nc2 45. Be6 Ne3 46. Bg8 a4 47. Be6 Nd1+ 48. Ke1 Nxb2 49. Kd2 Ke4 50. Kc2 Nd3 51. Bd7 Nc5 52. Bc6+ Kd4 53. Kb2 Kc4 54. Be8 a3+ 55. Kc2 Kd4 56. Bf7 Ke4 57. Be8 Kf4 58. Bh5 Kg3 59. Bg4 Kf4 60. Bc8 Ke4 61. Bg4 Ke3 62. Bc8 Kd4 63. Bg4 Kc4 64. Bc8 b3+ 65. axb3+ Kb4 66. Bg4 Nxb3 67. Kb1 Nc5 68. Ka2 Ne4 69. Be6 Nc3+ 70. Ka1 Kc5 71. Bg4 Kd4 72. Bc8 Ke3 73. Bg4 Kf4 74. Bc8 Kg3 75. Bg4 Ne4 76. Bc8 Nf2 77. Ka2 Nxh3 78. Kxa3 Nf2 79. Kb2 Ne4 80. Kc2 Kf3 81. Kd3 Kf4 82. Ke2 Ng3+ 83. Kf2 Nf5 84. Kg2 g4 85. Bd7 Ne3+ 86. Kg1 g3 87. Bc6 Nf5 88. Bd5 Nh4 89. Bh1 Ke3 90. Bc6 Ng6 91. Bh1 Nf4 92. Bc6 Ke2 93. Bb7 Ke3 94. Bh1 Ne2+ 95. Kg2 Kf4 96. Kh3 Ng1+ 97. Kg2 Nf3 98. Kf1 Nh2+ 99. Kg1 Ng4 100. Kg2 Ne5 101. Kg1 Kg4 102. Bg2 Nd3 103. Bf1 Nf4 104. Be2+ Kh3 105. Bf1+ Kh4 106. Bb5 g2 107. Bc6 Kg3 108. Bxg2 1/2-1/2


[Site "https://www.chess.com"]

[Event "Titled Tuesday Blitz May 30 Late 2023"]
[White "Mujumdar, Sameer"]
[Black "Fuentes Godoy, Lilia Ivonne"]
[WhiteFideId "2029707"]
[BlackFideId "5104130"]
[WhiteElo "2104"]
[BlackElo "2096"]
[Result "1-0"]
[Round "02"]
[TimeControl "180+2"]
[Date "2023.05.31"]
[WhiteClock "0:01:15"]
[BlackClock "0:00:03"]

1. d4 d5 2. Bf4 e6 3. e3 f5 4. Nf3 Nf6 5. Nbd2 Bd6 6. Bg3 O-O 7. Bd3 b6 8. O-O Bb7 9. c4 Ne4 10. Rc1 Nd7 11. Qc2 Bxg3 12. hxg3 c5 13. cxd5 exd5 14. Bb5 Rc8 15. Qa4 Ndf6 16. Qxa7 Rf7 17. Qa3 Ra8 18. Qb3 c4 19. Qb4 Nxd2 20. Qxd2 Rxa2 21. Ne5 Re7 22. f3 Qa8 23. Qb4 Re6 24. b3 cxb3 25. Qxb3 Qa3 26. Qxa3 Rxa3 27. Rfe1 Kf8 28. Rc7 Ba6 29. Ra7 Bxb5 30. Rxa3 Bc4 31. Rb1 b5 32. Kf2 g5 33. Ra7 g4 34. Rb7 h5 35. Ra1 Re8 36. Rf7+ 1-0


[Site "https://www.chess.com"]

[Event "Titled Tuesday Blitz May 30 Late 2023"]
[White "Nilsen, Tobias Lang"]
[Black "Florianovitz, Derlei Alex"]
[WhiteFideId "1521624"]
[BlackFideId "2114178"]
[WhiteElo "2183"]
[BlackElo "1953"]
[Result "1-0"]
[Round "02"]
[TimeControl "180+2"]
[Date "2023.05.31"]
[WhiteClock "0:01:18"]
[BlackClock "0:00:03"]

1. e4 e6 2. d4 d5 3. Nc3 Nf6 4. e5 Nfd7 5. f4 c5 6. Nf3 Nc6 7. Be3 a6 8. a3 b5 9. Bd3 Qb6 10. O-O cxd4 11. Bf2 h6 12. Ne2 a5 13. Nexd4 Nxd4 14. Nxd4 Bc5 15. c3 Ba6 16. b4 Bxd4 17. Bxd4 Qc6 18. Qg4 g6 19. Qe2 h5 20. a4 Rb8 21. axb5 Bxb5 22. Bxb5 Rxb5 23. bxa5 Ke7 24. a6 Ra8 25. a7 Nc5 26. Qa2 Nb3 27. Qa3+ Ke8 28. Rab1 Nxd4 29. cxd4 Rb7 30. Rxb7 Qxb7 31. Ra1 Qb6 32. Qa4+ Kf8 33. Kf2 Qb2+ 34. Kg3 h4+ 35. Kh3 Qf2 36. Qc6 Qe3+ 37. g3 Kg7 38. Qxa8 hxg3 39. hxg3 Qxd4 40. Qb7 1-0


[Site "https://www.chess.com"]

[Event "Titled Tuesday Blitz May 30 Late 2023"]
[White "Curtis, John"]
[Black "Zaitsev, Alexander"]
[WhiteFideId "3200256"]
[BlackFideId "4164490"]
[WhiteElo "2203"]
[BlackElo "2373"]
[Result "0-1"]
[Round "02"]
[TimeControl "180+2"]
[Date "2023.05.31"]
[WhiteClock "0:00:09"]
[BlackClock "0:00:08"]

1. e4 c5 2. Nf3 g6 3. g3 Bg7 4. Bg2 Nc6 5. O-O e5 6. Re1 Nge7 7. d3 O-O 8. c3 d6 9. Na3 h6 10. Nc2 d5 11. exd5 Nxd5 12. d4 exd4 13. cxd4 c4 14. Ne3 Nxe3 15. Bxe3 Be6 16. Qd2 Kh7 17. Qc3 Bd5 18. Rad1 b5 19. b4 Re8 20. a3 Rc8 21. Rd2 Rc7 22. Red1 Rce7 23. Ne1 g5 24. Bxd5 Qxd5 25. Nc2 f5 26. Rf1 Re4 27. Rdd1 f4 28. Bc1 Kh8 29. Bb2 Re2 30. Rd2 Rxd2 31. Qxd2 Ne5 32. Qd1 Nf3+ 33. Kg2 Ne1+ 34. Kh3 Qg2+ 35. Kg4 h5+ 36. Kf5 Qe4+ 37. Kxg5 Nf3+ 38. Kxh5 Qf5# 0-1


[Site "https://www.chess.com"]

[Event "Titled Tuesday Blitz May 30 Late 2023"]
[White "Kovalevsky, Stanislav"]
[Black "Horokoskii"]
[WhiteFideId "13508598"]
[WhiteElo "2174"]
[BlackElo "2138"]
[Result "1-0"]
[Round "02"]
[TimeControl "180+2"]
[Date "2023.05.31"]
[WhiteClock "0:00:14"]
[BlackClock "0:00:04"]

1. c4 Nf6 2. Nc3 g6 3. g3 Bg7 4. Bg2 O-O 5. b4 d6 6. Bb2 a5 7. b5 c6 8. Nf3 Qc7 9. d3 Bg4 10. O-O Nbd7 11. h3 Bxf3 12. Bxf3 Ne5 13. Bg2 h5 14. Rb1 h4 15. g4 Qc8 16. e3 Rd8 17. f4 Ned7 18. g5 Nh5 19. Qf3 Ng3 20. Rfc1 Nc5 21. d4 Nd3 22. Rc2 Nxb2 23. Rbxb2 cxb5 24. Nd5 Qe6 25. Nc7 Qf5 26. Nxa8 Rxa8 27. Qxb7 Rc8 28. Qd5 Qd3 29. Qf3 bxc4 30. Rc1 c3 31. Rbc2 e5 32. dxe5 dxe5 33. Bf1 Qd6 34. Qg4 Rd8 35. Qxh4 exf4 36. Qxf4 Be5 37. Qf2 Ne4 38. Qg2 Ng3 39. Bb5 Nf5 40. Qe4 Bg7 41. Bc4 Qg3+ 42. Rg2 Qxe3+ 43. Qxe3 Nxe3 44. Bb3 Nxg2 45. Kxg2 Rd2+ 46. Kg3 Be5+ 47. Kf3 Kg7 48. Ke4 Bg3 49. Rxc3 Rh2 50. Rxg3 Re2+ 51. Kd3 Re7 52. Rf3 Rd7+ 53. Kc3 Rc7+ 54. Kd4 Rb7 55. Kc5 Rb4 56. Rxf7+ Kg8 57. Rb7+ 1-0


[Site "https://www.chess.com"]

[Event "Titled Tuesday Blitz May 30 Late 2023"]
[White "Jakic, Ivan"]
[Black "Oliveira, Tiago Batista"]
[WhiteFideId "14504901"]
[BlackFideId "2108291"]
[WhiteElo "2370"]
[BlackElo "1962"]
[Result "1-0"]
[Round "02"]
[TimeControl "180+2"]
[Date "2023.05.31"]
[WhiteClock "0:00:26"]
[BlackClock "0:00:01"]

1. e4 e5 2. Nf3 Nc6 3. Bb5 a6 4. Ba4 Nf6 5. d4 b5 6. Bb3 Nxe4 7. Nxe5 Nxe5 8. dxe5 Qh4 9. Qf3 Bc5 10. Bxf7+ Kd8 11. Bd5 Nxf2 12. Rf1 Nd3+ 13. Kd1 Nxc1 14. Bxa8 Rf8 15. Qxf8+ Bxf8 16. Rxf8+ Ke7 17. Rf5 Qg4+ 18. Rf3 c6 19. Kxc1 Qg5+ 20. Nd2 Qxg2 21. b3 a5 22. a4 Qg5 23. Rd3 Ba6 24. axb5 Bxb5 25. c4 Ba6 26. Kc2 Qg2 27. Rxa5 Bc8 28. Ra7 Qg1 29. Ra2 Qb6 30. Ne4 1-0


[Site "https://www.chess.com"]

[Event "Titled Tuesday Blitz May 30 Late 2023"]
[White "Schain, Randolph"]
[Black "Przybylski, Wojciech"]
[WhiteFideId "2003139"]
[BlackFideId "1117599"]
[WhiteElo "2123"]
[BlackElo "2222"]
[Result "1/2-1/2"]
[Round "02"]
[TimeControl "180+2"]
[Date "2023.05.31"]
[WhiteClock "0:00:39"]
[BlackClock "0:00:04"]

1. e4 c5 2. Nf3 e6 3. d4 cxd4 4. Nxd4 Nc6 5. Nc3 Qc7 6. Be3 a6 7. a4 Bb4 8. Be2 Nf6 9. f3 d5 10. O-O Bxc3 11. bxc3 dxe4 12. fxe4 Nxe4 13. Nxc6 Qxc6 14. Qd4 O-O 15. Bf3 f5 16. c4 b6 17. Bxe4 Qxe4 18. Qxe4 fxe4 19. Rxf8+ Kxf8 20. Bxb6 Bd7 21. Rf1+ Kg8 22. a5 Rc8 23. c5 Bc6 24. Rd1 Bd5 25. Kf2 Kf7 26. Ke3 Ke7 27. c4 Bc6 28. Rd6 Bb7 29. g3 g5 30. h3 h5 31. g4 h4 32. Ke2 Rf8 33. Bc7 Rc8 34. Bb6 Bc6 35. Ke3 Bd7 36. Ke2 Ra8 37. Ke3 Rf8 38. Bc7 Rf3+ 39. Ke2 Rc3 40. c6 Be8 41. Rd4 Bxc6 42. Bd8+ Kf7 43. Bxg5 Rxh3 44. Rd6 Ba4 45. Rxa6 Rc3 46. Bxh4 Rxc4 47. Rb6 Bc2 48. a6 Ra4 49. Rb7+ Kg6 50. a7 Bd3+ 51. Kd2 Bc4 52. Bf2 Bd5 53. Rb8 Ra2+ 54. Ke1 Kf6 55. Be3 Ke5 56. g5 Ra1+ 57. Ke2 Ra2+ 58. Ke1 Ra3 59. Ke2 Ra2+ 60. Ke1 1/2-1/2


[Site "https://www.chess.com"]

[Event "Titled Tuesday Blitz May 30 Late 2023"]
[White "FromTexas54"]
[Black "Winkels, Marcel"]
[BlackFideId "1003887"]
[WhiteElo "2423"]
[BlackElo "1900"]
[Result "1-0"]
[Round "02"]
[TimeControl "180+2"]
[Date "2023.05.31"]
[WhiteClock "0:02:06"]
[BlackClock "0:00:30"]

1. e4 Nf6 2. e5 Nd5 3. d4 d6 4. Nf3 dxe5 5. Nxe5 g6 6. Bc4 c6 7. O-O Bg7 8. Re1 O-O 9. Bb3 Nd7 10. Bg5 f6 11. Nxd7 Bxd7 12. Bd2 Kh8 13. c4 Nb6 14. Nc3 a5 15. c5 Nd5 16. Nxd5 cxd5 17. Bxd5 Rb8 18. Bf4 e5 19. dxe5 fxe5 20. Bg3 Rc8 21. Rc1 Bc6 22. Bxc6 Rxc6 23. a3 Re6 24. b4 axb4 25. axb4 Qf6 26. Qd5 Rd8 27. Qxb7 e4 28. Rxe4 h6 29. h3 Rd2 30. Qc8+ 1-0


[Site "https://www.chess.com"]

[Event "Titled Tuesday Blitz May 30 Late 2023"]
[White "Hartikainen, Jarmo"]
[Black "Hajiyev, Kanan"]
[WhiteFideId "503134"]
[BlackFideId "13404148"]
[WhiteElo "2103"]
[BlackElo "2103"]
[Result "0-1"]
[Round "02"]
[TimeControl "180+2"]
[Date "2023.05.31"]
[WhiteClock "0:00:18"]
[BlackClock "0:01:55"]

1. e4 c6 2. d4 d5 3. Nc3 a6 4. Nf3 Bg4 5. Be2 e6 6. O-O Nf6 7. e5 Nfd7 8. Nb1 c5 9. c3 Nc6 10. Be3 Qb6 11. b3 Be7 12. Nbd2 cxd4 13. cxd4 Rc8 14. a3 Na5 15. b4 Nc4 16. Nxc4 dxc4 17. Rc1 Qb5 18. a4 Qd5 19. b5 axb5 20. axb5 O-O 21. Qc2 Bf5 22. Qc3 Nb6 23. Nd2 Qxb5 24. Rb1 Qc6 25. Rfc1 Bxb1 26. Rxb1 Nd5 0-1


[Site "https://www.chess.com"]

[Event "Titled Tuesday Blitz May 30 Late 2023"]
[White "Skaric, Djuro"]
[Black "deloewre"]
[WhiteFideId "934569"]
[WhiteElo "2282"]
[BlackElo "2100"]
[Result "1-0"]
[Round "02"]
[TimeControl "180+2"]
[Date "2023.05.31"]
[WhiteClock "0:01:28"]
[BlackClock "0:00:03"]

1. g3 d5 2. Bg2 e5 3. d3 Nc6 4. Nf3 g6 5. O-O Bg7 6. h3 Nge7 7. Nc3 O-O 8. e4 dxe4 9. dxe4 Qxd1 10. Rxd1 h6 11. Be3 Be6 12. a3 a6 13. Rd2 Rad8 14. Rad1 Rxd2 15. Rxd2 Rd8 16. Rxd8+ Nxd8 17. Bf1 Ndc6 18. Na4 Nd4 19. Ne1 Bc8 20. Nc5 Ne6 21. c3 Nxc5 22. Bxc5 Nc6 23. Kg2 b6 24. Be3 Bf8 25. Nd3 Kg7 26. Be2 Bd6 27. f4 f6 28. g4 exf4 29. Nxf4 Bxf4 30. Bxf4 Ne5 31. Kf2 a5 32. Ke3 Be6 33. Kd4 Nc6+ 34. Ke3 Ne5 35. b4 axb4 36. cxb4 c6 37. Kd4 Nd7 38. a4 c5+ 39. bxc5 Nxc5 40. Bd1 Bd7 41. a5 Ne6+ 42. Ke3 Nxf4 43. axb6 Bc6 44. Kxf4 Kf7 45. Bb3+ Ke7 46. Bd5 Bxd5 47. exd5 Kd6 48. h4 h5 49. gxh5 gxh5 50. Kf5 Kxd5 51. b7 1-0


[Site "https://www.chess.com"]

[Event "Titled Tuesday Blitz May 30 Late 2023"]
[White "Tarasova, Viktoriya"]
[Black "Ricaurte Lopez, Juan Carlos"]
[WhiteFideId "4175840"]
[BlackFideId "3600327"]
[WhiteElo "2182"]
[BlackElo "2200"]
[Result "1-0"]
[Round "02"]
[TimeControl "180+2"]
[Date "2023.05.31"]
[WhiteClock "0:00:17"]
[BlackClock "0:00:04"]

1. d4 d5 2. c4 c6 3. Nf3 e6 4. Nc3 f5 5. e3 Nf6 6. Bd3 Bb4 7. O-O O-O 8. Qc2 Ne4 9. Ne2 Bd6 10. b3 Nd7 11. Bb2 Qf6 12. Rac1 g5 13. Ne1 g4 14. Nf4 Qh6 15. f3 gxf3 16. gxf3 Ng5 17. Neg2 Nf6 18. Kh1 Kh8 19. Be2 Bd7 20. Bc3 Rg8 21. Rg1 Nh5 22. Be1 Nxf4 23. Nxf4 Bxf4 24. exf4 Nh3 25. Bg3 Rg6 26. Qd2 Rag8 27. Qe3 Rxg3 28. Qe5+ 1-0


[Site "https://www.chess.com"]

[Event "Titled Tuesday Blitz May 30 Late 2023"]
[White "Srdanovic, Jovana"]
[Black "Phillips, Rene"]
[WhiteFideId "954810"]
[BlackFideId "2056275"]
[WhiteElo "2169"]
[BlackElo "2078"]
[Result "1-0"]
[Round "02"]
[TimeControl "180+2"]
[Date "2023.05.31"]
[WhiteClock "0:00:52"]
[BlackClock "0:00:46"]

1. d4 Nc6 2. c4 e5 3. d5 Bb4+ 4. Bd2 Bxd2+ 5. Qxd2 Nce7 6. Nc3 Nf6 7. e4 d6 8. f3 b6 9. Bd3 a5 10. Nge2 Nd7 11. Bc2 O-O 12. g4 Ng6 13. O-O-O Qh4 14. Ng3 Nc5 15. Nce2 h6 16. Nf5 Qg5 17. h4 Qxd2+ 18. Rxd2 Nf4 19. Nxf4 exf4 20. Nd4 Re8 21. Ne2 g5 22. hxg5 hxg5 23. Rh5 f6 24. Nd4 Bd7 25. Rdh2 Kf8 26. Rh7 a4 27. R2h6 Kg8 28. Rh8+ Kg7 29. R6h7+ Kg6 30. e5+ 1-0


[Site "https://www.chess.com"]